 Dungeon Crawl Stone Soup version 0.20-a0-1089-g3fde505 (webtiles) character file.

367417 nubinia the Archmage (level 21, -3/99 HPs)
             Began as a Deep Elf Conjurer on Apr 27, 2017.
             Was a High Priest of Sif Muna.
             Slain by a jiangshi (20 damage)
             ... on level 3 of the Crypt on May 2, 2017.
             The game lasted 10:02:36 (65978 turns).

nubinia the Archmage (Deep Elf Conjurer)           Turns: 65978, Time: 10:02:37

Health: -3/99      AC: 16    Str:  6    XL:     21   Next: 62%
Magic:  21/54      EV: 19    Int: 26    God:    Sif Muna [*****.]
Gold:   1891       SH:  9    Dex: 20    Spells: 0/74 levels left

rFire    + . .     SeeInvis +   b - +7 hunting sling "Zefal" {velocity, rPois SInv}
rCold    . . .     Gourm    .   R - +0 shield
rNeg     + + +     Faith    .   y - +3 leather armour {rF+}
rPois    +         Spirit   .   (helmet restricted)
rElec    +         Reflect  .   T - +2 ratskin cloak {+Rats rPois rN+ Str-1 Int-1 Dex+1}
rCorr    .         Harm     .   x - +2 pair of gloves
MR       +++++     Clarity  +   o - +2 pair of boots
Stlth    ++++......             I - amulet of the Four Winds {rN+ MR+++ Clar}
Regen    0.3/turn               r - ring of Eseadd {Wiz rElec rN++}
MPRegen  0.4/turn               j - +4 ring of evasion

@: divine energy, deflect missiles
A: horns 1, clever 1, frail 1, wild magic 1
}: 2/15 runes: serpentine, barnacled
a: Stop Divine Energy, Channel Magic, Forget Spell, Renounce Religion, Evoke
Ratskin


You were on level 3 of the Crypt.
You worshipped Sif Muna.
Sif Muna was extremely pleased with you.
You were hungry.

You visited 8 branches of the dungeon, and saw 38 of its levels.
You also visited: Labyrinth.

You collected 3907 gold pieces.
You spent 2016 gold pieces at shops.

Inventory:

Hand Weapons
 a - a +7 dagger of freezing
 b - the +7 hunting sling "Zefal" (weapon) {velocity, rPois SInv}
   (You bought it in a shop on level 2 of the Orcish Mines)

   Any stone fired from it inflicts extra damage.
   It protects you from poison.
   It lets you see invisible.
 f - a +5 blowgun
 p - the +1 mace of Crystal {protect, Int+3 Dex+3}
   (You found it on level 2 of the Crypt)

   It protects the one who uses it against injury (+AC on strike).
   It affects your intelligence (+3).
   It affects your dexterity (+3).
Missiles
 z - 270 sling bullets (quivered)
 U - 17 curare-tipped needles
Armour
 o - a +2 pair of boots (worn)
 x - a +2 pair of gloves (worn)
 y - a +3 leather armour of fire resistance (worn)
 R - a +0 shield (worn)
 T - the +2 ratskin cloak (worn) {+Rats rPois rN+ Str-1 Int-1 Dex+1}
   (You found it in a labyrinth)

   It affects your strength (-1).
   It affects your intelligence (-1).
   It affects your dexterity (+1).
   It protects you from poison.
   It protects you from negative energy.
Jewellery
 j - a +4 ring of evasion (right hand)
 r - the ring of Eseadd (left hand) {Wiz rElec rN++}
   (You bought it in a shop on level 8 of the Dungeon)

   [ring of wizardry]

   It improves your spell success rate.
   It insulates you from electricity.
   It greatly protects you from negative energy.
 w - the amulet "Bidgh" {Spirit +Inv rC+ Dex+2}
   (You found it on level 2 of the Vaults)

   [amulet of guardian spirit]

   It causes incoming damage to be split between your health and magic.
   It affects your dexterity (+2).
   It protects you from cold.
   It lets you turn invisible.
 I - the amulet of the Four Winds (around neck) {rN+ MR+++ Clar}
   (You found it on level 2 of the Lair of Beasts)

   [amulet of nothing]

   It protects you from negative energy.
   It affects your resistance to hostile enchantments.
   It protects you against confusion.
 O - an uncursed ring of protection from fire
 X - a +3 ring of protection
Wands
 h - a wand of flame (18/48)
 t - a wand of scattershot (1/9)
 u - a wand of lightning (3/15)
 F - a wand of digging (20/24)
 N - a wand of flame (7/48)
 Y - a wand of acid (4/15)
Scrolls
 d - a scroll of amnesia
 g - 7 scrolls of teleportation
 k - 5 scrolls of magic mapping
 l - 14 scrolls of remove curse
 A - a scroll of holy word
 H - 2 scrolls of fear
 K - 4 scrolls of recharging
 V - 7 scrolls of identify
 W - 4 scrolls of fog
 Z - a scroll of blinking
Potions
 c - 4 potions of magic
 i - a potion of might
 m - 6 potions of cancellation
 n - 6 potions of curing
 q - 9 potions of heal wounds
 B - a potion of resistance
 D - a potion of berserk rage
 E - a potion of ambrosia
 G - 8 potions of agility
 J - 5 potions of haste
 L - 2 potions of brilliance
 M - 5 potions of flight
 S - 2 potions of invisibility
Books
 C - Sif Muna's Compendium of Feathery Darkness
   (Sif Muna gifted it to you on level 3 of the Crypt)

   Spells                             Type                      Level
   a - Swiftness                      Charms/Air                   2
   b - Corpse Rot                     Necromancy                   2
   c - Animate Dead                   Necromancy                   4
   d - Death Channel                  Necromancy                   6
   e - Chain Lightning                Conjuration/Air              8
Miscellaneous
 e - a lightning rod (4/4)
 s - a phial of floods
 P - a lamp of fire
Comestibles
 v - 11 fruits


   Skills:
 - Level 5.2 Fighting
 - Level 4.4 Short Blades
   Level 0.3(2.4) Long Blades
   Level 1.9 Polearms
 - Level 2.0(2.5) Slings
 - Level 2.6(3.1) Throwing
 - Level 4.0 Armour
 - Level 7.1 Dodging
 - Level 7.6 Stealth
 - Level 6.2 Shields
 O Level 27 Spellcasting
 - Level 19.5 Conjurations
 - Level 8.7 Hexes
 - Level 13.8 Charms
 - Level 5.9 Summonings
 - Level 7.9 Necromancy
 - Level 8.2 Translocations
 - Level 2.4 Fire Magic
 - Level 10.0 Ice Magic
 - Level 11.4 Air Magic
 + Level 5.0 Earth Magic
 - Level 0.2 Poison Magic
 - Level 5.0 Invocations
 - Level 2.7 Evocations


You couldn't memorise any spells.
You knew the following spells:

 Your Spells              Type           Power        Failure   Level  Hunger
a - Magic Dart            Conj           ####         1%          1    None
b - Dazzling Spray        Conj/Hex       ######       1%          3    None
c - Iskenderun's Mystic   Conj           ########     1%          4    None
d - Deflect Missiles      Chrm/Air       #######...   2%          6    None
e - Dispel Undead         Necr           #######.     2%          5    None
f - Force Lance           Conj/Tloc      #######.     1%          4    None
g - Sticky Flame          Conj/Fire      #######.     1%          4    None
h - Bolt of Draining      Conj/Necr      #######...   1%          5    None
i - Iskenderun's Battles  Conj/Chrm      ########     1%          5    None
j - Lee's Rapid Deconstr  Erth           ######....   8%          5    None
k - Mephitic Cloud        Conj/Pois/Air  #######.     1%          3    None
l - Summon Lightning Spi  Summ/Air       #######.     1%          4    None
m - Freezing Cloud        Conj/Ice/Air   #######...   1%          6    None
n - Airstrike             Air            #######...   1%          4    None
o - Ozocubu's Armour      Chrm/Ice       #######.     1%          3    None
p - Passwall              Tmut/Erth      ######....   1%          2    None
q - Passage of Golubria   Tloc           N/A          1%          4    None
r - Regeneration          Chrm/Necr      #######...   1%          3    None
s - Swiftness             Chrm/Air       #######.     1%          2    None
S - Animate Skeleton      Necr           N/A          1%          1    None


Dungeon Overview and Level Annotations

Branches:
Dungeon (14/15)            Temple (0/1) D:5            Lair (6/6) D:11
 Shoals (4/4) Lair:4        Snake (4/4) Lair:4        Slime (0/5) Lair:5
    Orc (2/2) D:11            Elf (3/3) Orc:2        Vaults (2/5) D:14
  Crypt (3/3) Vaults:2
   Tomb: Crypt:3

Altars:
Cheibriados
Dithmenos
Elyvilon
Fedhas
Gozag
Kikubaaqudgha
Makhleb
Okawaru
Sif Muna
Trog
Vehumet
Wu Jian
Xom
Yredelemnul
Zin
The Shining One
Beogh
Jiyva

Shops:
D:6 *   D:8 *(%   D:9 !   D:10 *   Orc:2 :[(*   Elf:1 }}   Shoals:1 (
Snake:2 }==   Snake:3 [   Vaults:2 (


Innate Abilities, Weirdness & Mutations

You have a pair of small horns on your head.
Your mind is acute. (Int +2)
You are frail. (-10% HP)
Your spells are a little harder to cast, but a little more powerful.


Message History

Aim: a titan zombie (severely damaged)
The titan zombie convulses!
You destroy the titan zombie!
Sif Muna accepts your kill.
Your Earth Magic skill increases to level 5!
You start resting.
An eidolon comes into view.
You see here a potion of blood.
A jiangshi comes into view.
The jiangshi barely misses you.
The jiangshi claws you but does no damage.
The jiangshi claws you but does no damage.
The jiangshi completely misses you. The jiangshi claws you!
You block the jiangshi's attack. The jiangshi misses you.
You block the jiangshi's attack.
There is a stone staircase leading up, spattered with blood here.
The jiangshi claws you! x2
* * * LOW HITPOINT WARNING * * *
The jiangshi claws you!!
You die...

# #...###...# ..# #.
#..#..# ..# #.# ##...##
##.# ##..## ###.....###
###..# ##..... #.........#
#....#
.......###.........###....#
........#...........#.....#
#..)W.....V.#.........#
#######...V@######.)..#
#.....# #....######
##.....######..........
........................
#######..........####### ##
#.....[....# # #.(
#..8#)[#8..# # #.(
#..##''##..# # #..(
#..#....#..# #


You could see an eidolon (wandering) and 2 jiangshi.

Vanquished Creatures
  Vashnia (Snake:4)
  A lich (Crypt:3)
  A kraken (Shoals:4)
  4 ancient champions
  Roxanne (Snake:2)
  The ghost of Armakuni the Sharpshooter, an adept KoHu of Okawaru (Snake:1)
  7 nagarajas
  Ilsuiw (Shoals:4)
  A frost giant (Vaults:2)
  Louise (Shoals:2)
  Aizul (Snake:3)
  A deep elf sorcerer (Vaults:2)
  A deep elf elementalist (Elf:1)
  3 curse skulls (Crypt:2)
  2 vault wardens
  8 ghouls
  2 ironheart preservers (Vaults:2)
  A reaper (Crypt:2)
  4 vampire knights
  An entropy weaver (Vaults:2)
  A deep elf annihilator (Elf:2)
  4 deep elf demonologists
  5 eidola
  3 deep elf death magi
  2 ettins (Vaults:2)
  15 jiangshi
  7 merfolk javelineers (Shoals:4)
  7 merfolk impalers
  3 fire dragons
  A minotaur (Lab)
  A great orb of eyes (Vaults:2)
  Erolcha (D:11)
  2 quicksilver dragon zombies (Crypt:2)
  A vault guard (D:14)
  2 yaktaur captains
  A great orb of eyes (shapeshifter) (Vaults:2)
  7 hydras
  16 naga warriors
  An ice dragon (Vaults:1)
  5 merfolk avatars
  2 catoblepae (Lair:6)
  A centaur warrior (Vaults:1)
  11 anacondas
  2 satyrs
  6 merfolk aquamancers
  2 alligator snapping turtles
  14 two-headed ogres
  4 death knights
  7 ogre magi
  9 vampire magi
  11 death yaks
  29 dancing weapons
  A titan zombie (Crypt:3)
  7 shock serpents
  Sonja (D:11)
  17 naga sharpshooters
  2 orc high priests
  A titan skeleton (Crypt:2)
  Nergalle (Lair:4)
  A soul eater (Crypt:1)
  15 deep elf knights
  4 shadow wraiths
  A fire crab (shapeshifter) (Vaults:2)
  16 skeletal warriors
  2 salamander mystics
  7 flayed ghosts
  10 sea snakes
  15 naga ritualists
  A deep troll (Vaults:2)
  7 wizards
  An unseen horror (Vaults:1)
  7 deep elf archers
  7 ironbrand convokers
  A wolf spider zombie (D:14)
  13 phantasmal warriors
  4 necromancers
  7 ugly things
  6 fauns
  8 orc knights
  15 harpies
  4 orc sorcerers
  An oklob plant (Lair:6)
  13 mana vipers
  48 deep elf magi
  2 wolf spiders (Vaults:2)
  13 cyclopes
  12 manticores
  5 salamanders
  8 elephants
  2 vault sentinels
  3 water nymphs (Shoals:4)
  Joseph (D:10)
  54 black mambas
  8 guardian serpents
  9 spiny frogs
  18 naga magi
  A spiny frog (shapeshifter) (Vaults:2)
  8 merfolk sirens
  2 gargoyles
  2 frost giant skeletons (Crypt:2)
  A shock serpent skeleton (Crypt:2)
  A catoblepas zombie (Crypt:3)
  4 rime drakes
  A red draconian zombie (Crypt:2)
  5 freezing wraiths
  6 komodo dragons
  7 yaktaurs
  A death yak skeleton (Crypt:3)
  A catoblepas skeleton (Crypt:2)
  2 polar bears
  4 trolls
  28 merfolk
  5 wind drakes
  Grinder (D:6)
  41 blink frogs
  An iron troll skeleton (Crypt:1)
  2 ettin zombies
  10 dream sheep
  2 hornets (shapeshifter) (Vaults:2)
  Prince Ribbit (Lair:3)
  An iron dragon simulacrum (Crypt:2)
  3 slime creatures
  5 bog bodies
  A raiju (shapeshifter) (Vaults:2)
  9 hippogriffs
  12 snapping turtles
  A spriggan (Lair:1)
  2 fire dragon skeletons (Crypt:1)
  3 redbacks (Vaults:2)
  An ettin skeleton (Crypt:1)
  8 wraiths
  2 air elementals
  3 shadows
  2 water elementals
  7 wyverns
  A vampire (Crypt:3)
  A basilisk (Lair:4)
  A hog (shapeshifter) (Vaults:2)
  48 yaks
  4 hungry ghosts
  4 fire elementals
  A vampire mosquito (D:14)
  2 soldier ants
  44 nagas
  8 wargs
  A merfolk zombie (Crypt:1)
  An acid dragon (Vaults:1)
  17 water moccasins
  The ghost of anet the Magician, an amateur DEWz (D:7)
  7 porcupines
  A gelid demonspawn skeleton (Crypt:2)
  A floating eye (shapeshifter) (Elf:2)
  An ettin simulacrum (Crypt:2)
  3 ice beasts
  35 orc warriors
  3 black bears
  A hornet zombie (D:9)
  A necrophage (Crypt:2)
  A sky beast (D:5)
  An eye of draining (D:10)
  26 ogres
  3 phantoms
  A black bear (shapeshifter) (Elf:2)
  A hog zombie (Crypt:1)
  11 centaurs
  13 wolves
  A snapping turtle skeleton (Crypt:3)
  6 boggarts
  12 crocodiles
  A big kobold (shapeshifter) (Vaults:2)
  2 big kobolds
  25 bullfrogs
  A rime drake skeleton (Crypt:1)
  A wyvern zombie (D:10)
  An earth elemental (Elf:1)
  A water moccasin zombie (D:6)
  A raiju zombie (Crypt:2)
  7 scorpions
  A water moccasin skeleton (D:9)
  8 killer bees
  12 wights
  2 troll skeletons (Crypt:2)
  3 electric eels
  2 crimson imps
  4 centaur zombies
  9 jellies
  A quasit (D:8)
  A bullfrog zombie (D:5)
  8 hounds
  31 orc wizards
  32 orc priests
  A bullfrog skeleton (D:7)
  3 iron imps (D:7)
  3 centaur skeletons
  A basilisk skeleton (Crypt:1)
  2 iguanas
  9 worker ants
  A hound zombie (D:5)
  A hound skeleton (D:9)
  A howler monkey zombie (D:5)
  A worker ant zombie (D:5)
  3 gnolls
  A tengu simulacrum (Crypt:1)
  7 adders
  6 shadow imps
  An ooze (D:3)
  2 adder zombies
  4 adder skeletons
  3 worms (D:2)
  3 dart slugs
  7 leopard geckos
  92 orcs
  5 bats
  4 giant cockroaches
  3 goblins
  8 hobgoblins
  9 jackals
  3 quokkas
  A ball python (D:1)
  9 frilled lizards
  A hobgoblin zombie (Crypt:2)
  A jackal skeleton (Crypt:2)
  14 kobolds
  A leopard gecko zombie (Crypt:1)
  A quokka skeleton (D:5)
  5 rats
  A butterfly (Lair:6)
  2 fungi
  2 plants
1441 creatures vanquished.

Vanquished Creatures (collateral kills)
  An ancient champion (Crypt:3)
  3 nagarajas
  A frost giant (Vaults:2)
  An orc warlord (Orc:2)
  A vault warden (Vaults:1)
  A stone giant (Vaults:2)
  4 ironheart preservers
  2 deep elf demonologists (Vaults:2)
  A merfolk impaler (Shoals:1)
  2 yaktaur captains
  3 naga warriors
  A catoblepas (Lair:6)
  A merfolk avatar (Shoals:3)
  An anaconda (Snake:4)
  5 two-headed ogres (Vaults:1)
  4 centaur warriors
  2 tengu warriors (D:14)
  2 satyrs
  A death yak (Lair:6)
  9 naga sharpshooters
  3 deep elf knights
  2 skeletal warriors (Crypt:3)
  2 salamander mystics (Snake:4)
  A wizard (Vaults:2)
  8 sea snakes
  5 deep elf archers
  3 ironbrand convokers (Vaults:2)
  A necromancer (Vaults:1)
  3 naga ritualists
  An anaconda skeleton (Crypt:2)
  16 harpies
  4 mana vipers
  An orc sorcerer (Orc:2)
  14 deep elf magi
  3 orc knights
  7 ugly things
  2 salamanders
  A manticore (Shoals:4)
  A slime creature (Vaults:2)
  A faun (Shoals:1)
  An oklob plant (Lair:6)
  4 merfolk sirens
  A cyclops (Vaults:2)
  5 naga magi
  14 black mambas
  A water nymph (Shoals:1)
  3 guardian serpents
  A centaur zombie (D:14)
  A spiny frog (Lair:6)
  7 yaktaurs
  A freezing wraith (Vaults:1)
  2 trolls
  A troll (shapeshifter) (Vaults:1)
  2 wind drakes
  14 merfolk
  A blink frog (Lair:6)
  2 hippogriffs
  A bog body (Crypt:2)
  6 dream sheep (Lair:6)
  A snapping turtle (Shoals:4)
  A redback (Vaults:2)
  A wraith (Vaults:1)
  A wyvern (D:12)
  3 water elementals
  A tarantella (shapeshifter) (Vaults:2)
  14 yaks
  22 nagas
  An ogre zombie (Vaults:1)
  A naga (shapeshifter) (Vaults:2)
  A soldier ant (D:12)
  2 water moccasins (Lair:6)
  A water moccasin (shapeshifter) (Vaults:1)
  A porcupine (Lair:5)
  2 necrophages
  6 orc warriors
  4 ogres
  An orc zombie (Vaults:1)
  2 wolves (Lair:5)
  4 centaurs
  An ogre simulacrum (Vaults:1)
  2 crimson imps
  2 human simulacra (Vaults:1)
  2 orc priests
  3 orc wizards
  A human skeleton (Crypt:1)
  A worker ant (D:13)
  A shadow imp (D:14)
  11 orcs
  2 fungi (Lair:6)
  3 plants
292 creatures vanquished.

Vanquished Creatures (others)
  A deep elf demonologist (Elf:1)
  A deep elf knight (Elf:2)
  A deep elf mage (Elf:1)
  A wyvern zombie (D:14)
  2 bushes
  17 fungi
  17 plants
  4 tentacles (Shoals:4)
44 creatures vanquished.

Grand Total: 1777 creatures vanquished

Notes
Turn   | Place    | Note
-------+----------+-------------------------------------------
     0 | D:1      | nubinia the Deep Elf Conjurer began the quest for the Orb.
     0 | D:1      | Reached XP level 1. HP: 10/10 MP: 6/6
   287 | D:1      | Reached XP level 2. HP: 15/15 MP: 4/8
   349 | D:1      | Reached skill level 5 in Conjurations
   394 | D:1      | You fall through a shaft!
   533 | D:2      | Reached XP level 3. HP: 19/19 MP: 4/9
   584 | D:2      | Learned a level 3 spell: Dazzling Spray
  1095 | D:2      | Found a deep blue altar of Sif Muna.
  1103 | D:2      | Became a worshipper of Sif Muna the Loreminder
  1162 | D:2      | Found an ancient bone altar of Kikubaaqudgha.
  1564 | D:3      | Reached XP level 4. HP: 16/24 MP: 3/11
  1852 | D:3      | Reached skill level 4 in Spellcasting
  1876 | D:3      | Found a glowing golden altar of the Shining One.
  1876 | D:3      | Found a glowing silver altar of Zin.
  1876 | D:3      | Found a white marble altar of Elyvilon.
  2252 | D:3      | Learned a level 4 spell: Force Lance
  2340 | D:3      | Reached skill level 1 in Hexes
  2607 | D:4      | Reached XP level 5. HP: 22/28 MP: 3/13
  2888 | D:4      | Learned a level 4 spell: Iskenderun's Mystic Blast
  3412 | D:5      | Entered Level 5 of the Dungeon
  3412 | D:5      | Noticed a centaur
  3614 | D:5      | Reached skill level 1 in Translocations
  3627 | D:5      | Found a blossoming altar of Fedhas.
  3642 | D:5      | Reached XP level 6. HP: 18/32 MP: 1/15
  3843 | D:3      | Reached skill level 5 in Spellcasting
  4162 | D:5      | Reached * piety under Sif Muna
  4309 | D:5      | Reached skill level 1 in Short Blades
  4827 | D:5      | Found a staircase to the Ecumenical Temple.
  4847 | D:5      | Reached XP level 7. HP: 35/37 MP: 2/17
  5146 | D:6      | Found an opulent altar of Gozag.
  5146 | D:6      | Found Gozag's Platinum Reserve.
  5198 | D:5      | Reached skill level 6 in Spellcasting
  5278 | D:5      | Reached skill level 1 in Fighting
  5539 | D:6      | Reached skill level 7 in Spellcasting
  5539 | D:6      | Reached XP level 8. HP: 34/43 MP: 0/20
  5731 | D:6      | Noticed Grinder
  5948 | D:6      | Reached ** piety under Sif Muna
  6605 | D:6      | Reached skill level 8 in Spellcasting
  6711 | D:6      | Paralysed by Grinder for 2 turns
  6764 | D:7      | Found a burning altar of Makhleb.
  7194 | D:7      | Reached skill level 9 in Spellcasting
  7194 | D:7      | Reached XP level 9. HP: 47/47 MP: 3/24
  7328 | D:7      | Noticed anet's ghost (amateur DEWz)
  7335 | D:7      | Killed anet's ghost
  7335 | D:7      | Reached *** piety under Sif Muna
  7601 | D:7      | Upgraded the game from 0.20-a0-1062-g7b787ac to 0.20-a0-1065-g8446734
  7748 | D:7      | Reached skill level 5 in Hexes
  8250 | D:8      | Reached skill level 10 in Spellcasting
  8298 | D:8      | Found Yleghal's Weapon Boutique.
  8304 | D:8      | Found Jeimir's Food Shop.
  8514 | D:8      | Learned a level 2 spell: Throw Flame
  8518 | D:8      | Learned a level 3 spell: Conjure Flame
  8523 | D:8      | Learned a level 4 spell: Sticky Flame
  8526 | D:8      | Learned a level 2 spell: Sticks to Snakes
  8923 | D:8      | Noticed a two-headed ogre
  8924 | D:8      | Noticed a two-headed ogre
  8953 | D:8      | Reached **** piety under Sif Muna
  8955 | D:8      | Killed a two-headed ogre
  8955 | D:8      | Reached skill level 11 in Spellcasting
  8955 | D:8      | Reached skill level 10 in Conjurations
  8982 | D:8      | Reached XP level 10. HP: 46/52 MP: 7/27
  9188 | D:8      | Found Nunuz's General Store.
  9212 | D:8      | Killed a two-headed ogre
  9453 | D:8      | Reached skill level 12 in Spellcasting
  9688 | D:8      | Noticed a two-headed ogre
  9695 | D:8      | Killed a two-headed ogre
  9695 | D:8      | Reached skill level 5 in Translocations
 10013 | D:7      | Reached ***** piety under Sif Muna
 10575 | D:6      | Killed Grinder
 11031 | D:6      | Found an ornate altar of the Wu Jian Council.
 11031 | D:6      | Found a shimmering altar of Xom.
 11036 | D:6      | Found a radiant altar of Vehumet.
 11246 | D:9      | Found an iron altar of Okawaru.
 11271 | D:9      | Reached skill level 13 in Spellcasting
 11362 | D:9      | Found a bloodstained altar of Trog.
 11362 | D:9      | Found a snail-covered altar of Cheibriados.
 11390 | D:9      | Noticed a gargoyle
 11406 | D:9      | Killed a gargoyle
 11406 | D:9      | Identified Sif Muna's Sophisticated Spellcraft (Sif Muna gifted it to you on level 9 of the Dungeon)
 11406 | D:9      | Received a gift from Sif Muna
 11415 | D:9      | Learned a level 5 spell: Iskenderun's Battlesphere
 11618 | D:9      | Found Dacut's Distillery.
 11897 | D:9      | Reached skill level 1 in Fire Magic
 12450 | D:9      | Reached XP level 11. HP: 42/56 MP: 9/30
 12572 | D:10     | Entered Level 10 of the Dungeon
 13009 | D:10     | Reached skill level 1 in Charms
 13115 | D:10     | Gained mutation: Your magical capacity is low. (-10% MP) [potion of mutation]
 13115 | D:10     | Gained mutation: You are resistant to electric shocks. (rElec) [potion of mutation]
 13186 | D:10     | Noticed a two-headed ogre
 13192 | D:10     | Killed a two-headed ogre
 13257 | D:10     | Noticed Joseph
 13988 | D:10     | Killed Joseph
 13988 | D:10     | Reached skill level 14 in Spellcasting
 14195 | D:10     | Learned a level 5 spell: Lee's Rapid Deconstruction
 14232 | D:10     | Lost mutation: Your magical capacity is low. (-10% MP) [potion of mutation]
 14232 | D:10     | Lost mutation: You are resistant to electric shocks. (rElec) [potion of mutation]
 14232 | D:10     | Gained mutation: Your flesh is cold resistant. (rC+) [potion of mutation]
 14232 | D:10     | Gained mutation: You are frail. (-10% HP) [potion of mutation]
 14232 | D:10     | Gained mutation: You are dopey. (Int -2) [potion of mutation]
 14232 | D:10     | Gained mutation: Your system is resistant to poisons. (rPois) [potion of mutation]
 14240 | D:10     | Reached skill level 1 in Throwing
 14305 | D:10     | Found a shadowy altar of Dithmenos.
 14572 | D:10     | Found Vaokics's General Store.
 14629 | D:10     | Reached skill level 1 in Earth Magic
 15502 | D:11     | Noticed Erolcha
 15506 | D:11     | Killed Erolcha
 15506 | D:11     | Received a gift from Sif Muna
 15506 | D:11     | Reached skill level 1 in Invocations
 15606 | D:11     | Identified Sif Muna's Almanac of Beguiling (Sif Muna gifted it to you on level 11 of the Dungeon)
 15661 | D:11     | Reached skill level 15 in Spellcasting
 15964 | D:11     | Found a staircase to the Lair.
 15985 | D:11     | Noticed Sonja
 15994 | D:11     | Killed Sonja
 16414 | D:11     | Found a staircase to the Orcish Mines.
 16448 | Orc:1    | Entered Level 1 of the Orcish Mines
 16459 | Orc:1    | Noticed an orc knight
 16639 | Lair:1   | Entered Level 1 of the Lair of Beasts
 16822 | Lair:1   | Reached XP level 12. HP: 55/55 MP: 17/33
 17165 | Lair:1   | Identified the +7 war axe "Ruinkadd" {freeze, rElec Str-5 Int+4 SInv} (You found it on level 1 of the Lair of Beasts)
 17608 | Lair:1   | Noticed an eight-headed hydra
 17613 | Lair:1   | Killed an eight-headed hydra
 17763 | Lair:1   | Reached skill level 16 in Spellcasting
 18021 | Lair:1   | Reached skill level 5 in Stealth
 18061 | Lair:1   | Identified Sif Muna's Papyrus of the Birds (Sif Muna gifted it to you on level 1 of the Lair of Beasts)
 18061 | Lair:1   | Received a gift from Sif Muna
 18066 | Lair:1   | Learned a level 3 spell: Mephitic Cloud
 18071 | Lair:1   | Learned a level 4 spell: Summon Lightning Spire
 18332 | D:8      | Bought the ring of Eseadd {Wiz rElec rN++} for 599 gold pieces
 18332 | D:8      | Bought a scroll of magic mapping for 38 gold pieces
 18428 | Lair:2   | Reached skill level 1 in Air Magic
 19530 | Lair:2   | Reached skill level 1 in Summonings
 19574 | Lair:3   | Found a labyrinth entrance.
 19589 | Lab      | Entered a labyrinth
 19736 | Lab      | Noticed a minotaur
 19742 | Lab      | Killed a minotaur
 19769 | Lab      | Identified the Papyrus of Glacial Ignition
 20519 | Lair:3   | Identified the +2 ring mail "Dyohadd" {Regen+ Str+3 Dex+4} (You found it on level 3 of the Lair of Beasts)
 20597 | Lair:3   | Noticed Prince Ribbit
 20600 | Lair:3   | Killed Prince Ribbit
 20608 | Lair:3   | Reached XP level 13. HP: 51/59 MP: 11/35
 21117 | Lair:4   | Found a staircase to the Snake Pit.
 21571 | Lair:4   | Reached skill level 17 in Spellcasting
 21623 | Lair:4   | Found a staircase to the Shoals.
 21989 | Lair:4   | Reached skill level 5 in Invocations
 21995 | Lair:4   | Noticed Nergalle
 22099 | Lair:4   | Killed Nergalle
 22105 | Lair:4   | Reached skill level 5 in Charms
 23935 | Lair:5   | Learned a level 3 spell: Call Canine Familiar
 24571 | Lair:5   | Identified Sif Muna's Catalogue of Helpful Flight (Sif Muna gifted it to you on level 5 of the Lair of Beasts)
 24571 | Lair:5   | Received a gift from Sif Muna
 24606 | Lair:5   | Learned a level 4 spell: Airstrike
 24948 | Lair:5   | Found a staircase to the Slime Pits.
 24948 | Lair:5   | Found a viscous altar of Jiyva.
 25037 | Lair:6   | Entered Level 6 of the Lair of Beasts
 25149 | Lair:5   | Reached skill level 18 in Spellcasting
 25682 | Lair:6   | Reached XP level 14. HP: 63/63 MP: 15/38
 25690 | Lair:6   | Reached skill level 1 in Evocations
 25706 | Lair:6   | Reached skill level 5 in Air Magic
 26256 | Lair:6   | Reached skill level 5 in Summonings
 26495 | Lair:6   | Identified Sif Muna's Almanac of Sinister Magic and Feathers (Sif Muna gifted it to you on level 6 of the Lair of Beasts)
 26495 | Lair:6   | Received a gift from Sif Muna
 26854 | Lair:3   | Learned a level 5 spell: Bolt of Draining
 27143 | Lair:6   | Reached skill level 1 in Necromancy
 27313 | Lair:6   | Identified the +5 ring mail of the Lobster {rElec} (You found it on level 6 of the Lair of Beasts)
 27482 | Lair:6   | Reached skill level 19 in Spellcasting
 27892 | Lair:6   | Identified the +11 executioner's axe "Kerchuibo" {freeze, rC+ rN+ Dex+2} (You found it on level 6 of the Lair of Beasts)
 28185 | Orc:1    | Reached skill level 15 in Conjurations
 29039 | Orc:2    | Entered Level 2 of the Orcish Mines
 29156 | Orc:2    | Identified Sif Muna's Compendium of Neurosis (Sif Muna gifted it to you on level 2 of the Orcish Mines)
 29156 | Orc:2    | Received a gift from Sif Muna
 29378 | Orc:2    | Noticed an orc warlord
 29388 | Orc:2    | Killed an orc warlord
 30068 | Orc:2    | Found a roughly hewn altar of Beogh.
 30170 | Orc:2    | Found Josieda's Book Emporium.
 30189 | Orc:2    | Found Ubbir's Antique Weapon Emporium.
 30197 | Orc:2    | Found Xaczix's General Store.
 30203 | Orc:2    | Found Pirchireh's Antique Armour Emporium.
 30324 | Orc:2    | Found a staircase to the Elven Halls.
 30751 | Orc:2    | Bought a polished hunting sling for 214 gold pieces
 30751 | Orc:2    | Identified the +7 hunting sling "Zefal" {velocity, rPois SInv} (You bought it in a shop on level 2 of the Orcish Mines)
 30753 | Orc:2    | Upgraded the game from 0.20-a0-1065-g8446734 to 0.20-a0-1074-g6a0a8e1
 30775 | Elf:1    | Entered Level 1 of the Elven Halls
 30813 | Elf:1    | Reached XP level 15. HP: 40/68 MP: 0/40
 31412 | Elf:1    | Found Ciutom's Quality Used Wands.
 31636 | Elf:1    | Reached skill level 20 in Spellcasting
 31886 | Elf:1    | Identified Sif Muna's Tome of Talismans and Darkness (Sif Muna gifted it to you on level 1 of the Elven Halls)
 31886 | Elf:1    | Received a gift from Sif Muna
 31969 | Elf:1    | Learned a level 1 spell: Animate Skeleton
 32460 | Elf:1    | Noticed a Brimstone Fiend
 32713 | Elf:1    | Lost mutation: You are dopey. (Int -2) [potion of mutation]
 32713 | Elf:1    | Lost mutation: You are frail. (-10% HP) [potion of mutation]
 32713 | Elf:1    | Lost mutation: Your flesh is cold resistant. (rC+) [potion of mutation]
 32713 | Elf:1    | Lost mutation: Your system is resistant to poisons. (rPois) [potion of mutation]
 32713 | Elf:1    | Gained mutation: You have a pair of small horns on your head. [potion of mutation]
 32713 | Elf:1    | Gained mutation: Your mind is acute. (Int +2) [potion of mutation]
 32713 | Elf:1    | Gained mutation: You are frail. (-10% HP) [potion of mutation]
 32713 | Elf:1    | Gained mutation: Your spells are a little harder to cast, but a little more powerful. [potion of mutation]
 32908 | Elf:1    | Reached skill level 5 in Dodging
 33049 | Elf:1    | Found Esausuff's Gadget Shoppe.
 33421 | Elf:1    | Reached skill level 5 in Necromancy
 33658 | Elf:1    | Reached skill level 1 in Armour
 33872 | Elf:2    | Learned a level 6 spell: Deflect Missiles
 34100 | Elf:2    | Found a runed gate.
 34100 | Elf:2    | Found a runed gate.
 34100 | Elf:2    | Found a runed gate.
 34164 | Elf:2    | Reached skill level 21 in Spellcasting
 34487 | Elf:2    | Identified Sif Muna's Volume of Creative Air (Sif Muna gifted it to you on level 2 of the Elven Halls)
 34487 | Elf:2    | Received a gift from Sif Muna
 34957 | Elf:2    | Reached XP level 16. HP: 72/72 MP: 7/43
 35871 | Elf:2    | Reached skill level 22 in Spellcasting
 36271 | Elf:3    | Entered Level 3 of the Elven Halls
 36714 | Elf:3    | Identified Sif Muna's Incunabulum of Combat Magic (Sif Muna gifted it to you on level 3 of the Elven Halls)
 36714 | Elf:3    | Received a gift from Sif Muna
 36958 | Snake:1  | Entered Level 1 of the Snake Pit
 36969 | Snake:1  | Noticed Armakuni's ghost (adept KoHu)
 37142 | Snake:1  | Killed Armakuni's ghost
 37990 | Snake:1  | Reached skill level 1 in Slings
 38399 | D:10     | Learned a level 5 spell: Dispel Undead
 38577 | Snake:2  | Noticed Roxanne
 38583 | Snake:2  | Killed Roxanne
 38603 | Snake:2  | Found an iron altar of Okawaru.
 38893 | Snake:2  | Found Haddis's Jewellery Shoppe.
 38915 | Snake:2  | Found Teuwus's Gadget Boutique.
 38916 | Snake:2  | Found Waewir's Jewellery Shoppe.
 39130 | Snake:2  | Reached skill level 23 in Spellcasting
 39160 | Snake:2  | Reached XP level 17. HP: 13/75 MP: 14/46
 39854 | Snake:3  | Found a radiant altar of Vehumet.
 39876 | Snake:3  | Reached skill level 1 in Shields
 40428 | Snake:2  | Identified Sif Muna's Catalogue of Doomed Bewitchment (Sif Muna gifted it to you on level 2 of the Snake Pit)
 40428 | Snake:2  | Received a gift from Sif Muna
 40599 | Snake:2  | Upgraded the game from 0.20-a0-1074-g6a0a8e1 to 0.20-a0-1078-g4874019
 41699 | Snake:3  | Noticed Aizul
 41706 | Snake:3  | Killed Aizul
 41716 | Snake:3  | Found Mitas's Armour Shoppe.
 43113 | Orc:2    | Bought a book of Frost for 420 gold pieces
 43117 | Orc:2    | Learned a level 3 spell: Ozocubu's Armour
 43495 | Snake:4  | Entered Level 4 of the Snake Pit
 44006 | Snake:4  | Reached skill level 1 in Ice Magic
 44329 | Snake:4  | Identified the +7 flail of Urgency {crush, *Corrode rN++ Int+4} (You found it on level 4 of the Snake Pit)
 44423 | Snake:4  | Received a gift from Sif Muna
 44514 | Snake:4  | Reached skill level 24 in Spellcasting
 44840 | Snake:4  | Reached skill level 5 in Shields
 45142 | Snake:4  | Reached XP level 18. HP: 64/81 MP: 11/48
 45894 | Snake:4  | Reached skill level 10 in Air Magic
 46336 | Snake:4  | Received a gift from Sif Muna
 46415 | Snake:4  | Learned a level 2 spell: Passwall
 46600 | Snake:4  | Got a serpentine rune of Zot
 46879 | Snake:4  | Noticed Vashnia
 46915 | Snake:4  | Killed Vashnia
 47797 | D:12     | Found a glowing silver altar of Zin.
 47909 | D:12     | Learned a level 1 spell: Apportation
 48855 | Orc:2    | Bought a runed dagger for 165 gold pieces
 49086 | Shoals:1 | Entered Level 1 of the Shoals
 49154 | Shoals:1 | Reached skill level 25 in Spellcasting
 49543 | Shoals:1 | Found Qetzum's Antique Weapon Shoppe.
 49552 | Shoals:1 | Bought an ancient spear for 256 gold pieces
 49552 | Shoals:1 | Identified the cursed +1 spear "Nifo" {protect, rElec MR+ Int+6} (You bought it in a shop on level 1 of the Shoals)
 49966 | Shoals:1 | Received a gift from Sif Muna
 49967 | Shoals:1 | Identified Sif Muna's Guide on Aid (Sif Muna gifted it to you on level 1 of the Shoals)
 49971 | Shoals:1 | Learned a level 2 spell: Swiftness
 50105 | Shoals:2 | Noticed Louise
 50109 | Shoals:2 | Killed Louise
 50596 | Shoals:2 | Reached skill level 10 in Charms
 50724 | Shoals:2 | Reached XP level 19. HP: 73/86 MP: 19/50
 51075 | Shoals:2 | Reached skill level 5 in Ice Magic
 51817 | Shoals:4 | Entered Level 4 of the Shoals
 52234 | Shoals:4 | Noticed Ilsuiw
 52243 | Shoals:4 | Killed Ilsuiw
 52987 | Shoals:4 | Identified Sif Muna's Reference Book on Lethal Evil Magic (Sif Muna gifted it to you on level 4 of the Shoals)
 52987 | Shoals:4 | Received a gift from Sif Muna
 53226 | Shoals:4 | Learned a level 3 spell: Regeneration
 53278 | Shoals:4 | Identified the +11 halberd of Law {chop, *Slow rPois MP+9} (You took it off a merfolk on level 4 of the Shoals)
 53382 | Shoals:4 | Got a barnacled rune of Zot
 54089 | Shoals:4 | Reached skill level 26 in Spellcasting
 54735 | Shoals:4 | Upgraded the game from 0.20-a0-1078-g4874019 to 0.20-a0-1086-g4bd2f5b
 55782 | D:14     | Found a bloodstained altar of Trog.
 55926 | D:14     | Found a gate to the Vaults.
 56039 | Vaults:1 | Entered Level 1 of the Vaults
 56186 | Vaults:1 | Received a gift from Sif Muna
 57005 | Vaults:1 | Reached XP level 20. HP: 83/92 MP: 8/52
 57783 | Vaults:1 | Identified the +5 ring mail of Ihoff {rElec rPois} (You found it on level 1 of the Vaults)
 58292 | Vaults:2 | Identified Sif Muna's Volume of the Frostbite and Earth (Sif Muna gifted it to you on level 2 of the Vaults)
 58292 | Vaults:2 | Received a gift from Sif Muna
 58301 | Vaults:2 | Learned a level 6 spell: Freezing Cloud
 58534 | Vaults:2 | Got a wizard robe
 58535 | Vaults:2 | Identified the cursed +1 robe "Ennozon" {rElec rF+++ Str-3 Stlth-} (You took it off a yaktaur on level 2 of the Vaults)
 58583 | Vaults:2 | Identified a scroll of acquirement
 58683 | Vaults:2 | Got a fine crystal amulet
 58684 | Vaults:2 | Identified the amulet "Bidgh" {Spirit +Inv rC+ Dex+2} (You found it on level 2 of the Vaults)
 58912 | Vaults:2 | Reached skill level 27 in Spellcasting
 59082 | Vaults:2 | Found a staircase to the Crypt.
 59082 | Vaults:2 | Found an ancient bone altar of Kikubaaqudgha.
 59083 | Vaults:2 | Found a basalt altar of Yredelemnul.
 59227 | Vaults:2 | Reached skill level 1 in Polearms
 60026 | Vaults:2 | Found Cilae's Antique Weapon Shop.
 60034 | Vaults:2 | Bought a faintly glowing morningstar for 324 gold pieces
 60034 | Vaults:2 | Identified the +10 morningstar of the Extremes {elec, Fragile Str+2 Dex+9} (You bought it in a shop on level 2 of the Vaults)
 60383 | Crypt:1  | Entered Level 1 of the Crypt
 60453 | Crypt:1  | Identified Sif Muna's Papyrus of Virous Combat Magic (Sif Muna gifted it to you on level 1 of the Crypt)
 60453 | Crypt:1  | Received a gift from Sif Muna
 62388 | Crypt:2  | Reached XP level 21. HP: 75/97 MP: 33/54
 62593 | Crypt:1  | Upgraded the game from 0.20-a0-1086-g4bd2f5b to 0.20-a0-1089-g3fde505
 63336 | Crypt:2  | Received a gift from Sif Muna
 64133 | Crypt:3  | Entered Level 3 of the Crypt
 64483 | Crypt:2  | Learned a level 4 spell: Passage of Golubria
 64556 | Crypt:2  | Identified the cursed +1 mace of Crystal {protect, Int+3 Dex+3} (You found it on level 2 of the Crypt)
 65265 | Crypt:3  | Reached skill level 5 in Fighting
 65901 | Crypt:3  | Reached skill level 10 in Ice Magic
 65933 | Crypt:3  | Identified Sif Muna's Compendium of Feathery Darkness (Sif Muna gifted it to you on level 3 of the Crypt)
 65933 | Crypt:3  | Received a gift from Sif Muna
 65966 | Crypt:3  | Reached skill level 5 in Earth Magic
 65978 | Crypt:3  | Slain by a jiangshi

Vault maps used:
D:1:      scummos_arrival_simple_crosswalls
D:2:      nicolae_overflow_crystal_walls, overflow_temple_1_default,
          first_bread, minivault_24
D:3:      good_gods_mini_temple
D:5:      minmay_temple_entry_hall, fedhas_altar_4
D:6:      gammafunk_temple_overflow_claw, nicolae_gozag_zags_fifth_avenue,
          uniq_grinder
D:7:      demons_altar
D:8:      serial_shops, shop, shop_fountains, shop
D:9:      gammafunk_temple_overflow_statue, lemuel_crystal_altar, serial_shops,
          nicolae_shop_competitors_out_of_business, grunt_ogre_cave
D:10:     serial_shops, shop, grunt_dithmenos_shadows, uniq_joseph
D:11:     erik_lair_orcish_takeover, erik_orc_2, minmay_misc_feat_x,
          uniq_erolcha, uniq_sonja
D:12:     nicolae_whirlpool, basic_altar
D:14:     david_vaults_5, serial_park_tiny_pond, spider_trap,
          david_defended_altar_orc
Lair:1:   grunt_forest_large_clearing_hut, grunt_megastairs_4
Lair:2:   minmay_hedge_maze, grunt_forest_small_clearing_treed
Lair:3:   lab_entry_generic, uniq_prince_ribbit2
Lair:4:   elwin_shoals_entry_stream, dummy_snake_entry, grunt_megastairs_3,
          lemuel_fruit_fields, uniq_nergalle
Lair:5:   slime_altar_1, lemuel_fruit_fields, lemuel_fruit_fields,
          infiniplex_staircase_pool
Lair:6:   evilmike_catoblepas_cave, grunt_megastairs_5,
          minmay_lair_oklob_chamber, lemuel_fruit_fields
Shoals:1: serial_shops, shop
Shoals:2: uniq_louise
Shoals:4: shoals_end_simple, shoals_ilsuiw_ice
Snake:2:  basic_altar, nrook_guardian_serpent_double, serial_bayou_shore_b,
          minmay_shop_grove, uniq_roxanne
Snake:3:  serial_shops, shop, basic_altar, evilmike_ambush,
          serial_bayou_shore_a, uniq_aizul
Snake:4:  johnstein_snake_rune_scales, uniq_vashnia
Orc:1:    mines2_lemuel
Orc:2:    grunt_orc_cross
Elf:1:    eino_elf_arrival_shootout, serial_shops, nicolae_shop_trees,
          minmay_elf_crystal_heptagon, nicolae_for_you_no_charge
Elf:3:    minmay_elf_hall_statues, nicolae_elf_big_sculpture_1
Vaults:1: v_pattern_5, v_alt_pattern_1, nicolae_vaults_ninety_degrees,
          v_misc_23, vaults_room_stairs_pillars, vaults_room_fours,
          dpeg_vaults_monster_box, v_misc_13, v_misc_13, v_misc_27,
          vaults_room_semicircle
Vaults:2: nicolae_vaults_triangles, minmay_crypt_entry_necro_gods,
          hangedman_vaults_stream, grunt_vaults_funnel,
          nicolae_vaults_circle_grid_a, hangedman_vaults_nodes,
          grunt_vaults_swirl, ontoclasm_vaults_misaligned, st_octagons_1,
          vaults_mumra_chevron_long, v_pattern_4, nicolae_vaults_specimen_jars,
          serial_shops, nicolae_shop_trees
Crypt:2:  lemuel_elevator
Crypt:3:  lightli_unholy_cathedral, nicolae_tomb_entry_grand_gallery,
          st_stairs_5, roderic_lattice_octagonal_star
Lab:      labyrinth_watery, nicolae_lab_plus, nicolae_lab_checkerboard,
          nicolae_lab_big_swirl, labyrinth_lava_lair, nicolae_lab_swirl,
          nicolae_lab_flowing_pool, labyrinth_skeletal_remains,
          nicolae_lab_diamond, nicolae_lab_starburst

Skill      XL: |  1  2  3  4  5  6  7  8  9 10 11 12 13 14 15 16 17 18 19 20 21 |
---------------+----------------------------------------------------------------+-----
Conjurations   | 5 6 7 8 10 11 12 13 14 15 16 17 18 19 | 19.5
Spellcasting   | 4 5 7 9 11 13 15 16 18 19 21 23 24 25 26 27 | 27.0
Hexes          | 1 2 3 4 5 7 8 |  8.7
Stealth        | 3 4 5 6 7 |  7.6
Translocations | 1 2 3 4 5 6 7 8 |  8.2
Short Blades   | 1 2 3 4 |  4.4
Fighting       | 1 2 3 4 5 |  5.2
Dodging        | 3 4 5 6 7 |  7.1
Fire Magic     | 1 2 |  2.4
Charms         | 3 4 5 6 7 10 11 13 | 13.8
Throwing       | 1 2 |  2.6
Earth Magic    | 2 4 5 |  5.0
Invocations    | 2 4 5 |  5.0
Air Magic      | 2 4 6 8 9 10 11 | 11.4
Summonings     | 2 4 5 |  5.9
Evocations     | 1 2 |  2.7
Necromancy     | 3 5 6 7 |  7.9
Armour         | 1 2 3 4 |  4.0
Slings         | 1 2 |  2.0
Shields        | 5 6 |  6.2
Ice Magic      | 2 4 7 9 10 | 10.0
Polearms       | 1 |  1.9
Long Blades    | |  0.3
Poison Magic   | |  0.2

Action                   |  1- 3 |  4- 6 |  7- 9 | 10-12 | 13-15 | 16-18 | 19-21 || total
-------------------------+-------+-------+-------+-------+-------+-------+-------++-------
Melee: Dagger            |     7 |    70 |    50 |   139 |   210 |   316 |   135 ||   927
       Short sword       |       |       |       |     5 |       |       |       ||     5
       Headbutt          |       |       |       |       |     9 |    69 |    68 ||   146
       Spear             |       |       |       |       |       |    66 |   219 ||   285
       Falchion          |       |       |       |       |       |    22 |       ||    22
       Mace              |       |       |       |       |       |       |     2 ||     2
 Fire: Blowgun           |       |       |     3 |    25 |    66 |       |       ||    94
       Hunting sling     |       |       |       |       |       |   486 |   404 ||   890
 Cast: Magic Dart        |    81 |   118 |   253 |   332 |   289 |   209 |    98 ||  1380
       Dazzling Spray    |     2 |     8 |     2 |    43 |    28 |    35 |    17 ||   135
       Force Lance       |       |     4 |    45 |    88 |   102 |   123 |   154 ||   516
       Iskenderun's Myst |       |       |    23 |    86 |    45 |     4 |     8 ||   166
       Throw Flame       |       |       |       |    16 |     1 |       |       ||    17
       Sticky Flame      |       |       |       |    14 |    14 |     7 |    21 ||    56
       Conjure Flame     |       |       |       |     6 |     2 |       |       ||     8
       Iskenderun's Batt |       |       |       |    71 |   112 |   108 |    84 ||   375
       Mephitic Cloud    |       |       |       |     1 |    10 |    11 |    11 ||    33
       Airstrike         |       |       |       |       |   136 |   179 |    95 ||   410
       Call Canine Famil |       |       |       |       |     9 |       |       ||     9
       Summon Lightning  |       |       |       |       |    54 |    38 |    33 ||   125
       Bolt of Draining  |       |       |       |       |    40 |   158 |   182 ||   380
       Animate Skeleton  |       |       |       |       |    21 |   171 |   148 ||   340
       Deflect Missiles  |       |       |       |       |     2 |    13 |     6 ||    21
       Lee's Rapid Decon |       |       |       |       |       |     6 |       ||     6
       Ozocubu's Armour  |       |       |       |       |       |    25 |    30 ||    55
       Dispel Undead     |       |       |       |       |       |     2 |   198 ||   200
       Passwall          |       |       |       |       |       |       |     4 ||     4
       Regeneration      |       |       |       |       |       |       |     7 ||     7
       Freezing Cloud    |       |       |       |       |       |       |     2 ||     2
       Swiftness         |       |       |       |       |       |       |     3 ||     3
Invok: Divine Energy     |       |     1 |       |       |       |       |       ||     1
       Channel Magic     |       |       |       |       |     4 |    13 |     3 ||    20
 Abil: Evoke Ratskin     |       |       |       |     1 |       |       |     1 ||     2
Evoke: Wand              |       |       |       |     4 |     9 |    14 |    32 ||    59
       Phial of floods   |       |       |       |       |     3 |     3 |     2 ||     8
       Lamp of fire      |       |       |       |       |       |     2 |     4 ||     6
       Lightning rod     |       |       |       |       |       |       |     4 ||     4
  Use: Scroll            |     1 |     3 |     2 |    24 |    19 |    17 |    15 ||    81
       Potion            |     1 |     5 |     1 |     6 |     1 |       |     2 ||    16
 Stab: Sleeping          |     1 |     4 |     1 |     9 |    10 |     9 |     5 ||    39
       Distracted        |       |       |     1 |     1 |     1 |     6 |     7 ||    16
       Invisible         |       |       |     1 |     3 |     6 |     3 |       ||    13
       Confused          |       |       |       |     1 |     2 |     5 |     8 ||    16
  Eat: Chunk             |     1 |     9 |    16 |    40 |    47 |    42 |    44 ||   199
       Royal jelly       |       |     1 |     1 |       |       |     1 |     1 ||     4
       Fruit             |       |       |       |       |       |    19 |     9 ||    28
Armor: Robe              |       |    31 |    29 |    43 |    45 |       |       ||   148
       Leather armour    |       |       |       |       |    39 |   153 |   144 ||   336
Dodge: Dodged            |     9 |    76 |    82 |   115 |   167 |   429 |   319 ||  1197
       Deflected         |       |       |       |       |     8 |   121 |    78 ||   207
Block: Shield            |       |       |       |       |       |   193 |   270 ||   463
       Large shield      |       |       |       |       |       |    21 |       ||    21
       Rpst.: Falchion   |       |       |       |       |       |     4 |       ||     4
